 Dungeon Crawl Stone Soup version 0.29-a0-222-g5b244fca1f (webtiles) character file.

Game seed: 17604718632977223628

483 jlumianski the Chopper (level 6, -13/51 HPs)
             Began as a Demonspawn Gladiator on Feb 27, 2022.
             Was an Initiate of Okawaru.
             Mangled by a two-headed ogre
             ... wielding a +0 giant club
              (31 damage)
             ... on level 5 of the Dungeon.
             The game lasted 00:17:31 (4564 turns).

jlumianski the Chopper (Demonspawn Gladiator)       Turns: 4564, Time: 00:17:32

Health: -13/51     AC:  5    Str: 16    XL:     6   Next: 87%
Magic:  6/6        EV: 11    Int: 16    God:    Okawaru [......]
Gold:   206        SH:  0    Dex: 20    Spells: 5/5 levels left

rFire   . . .      SeeInvis .   a - +0 war axe
rCold   . . .      Faith    .   (no shield)
rNeg    . . .      Spirit   .   i - +1 scale mail
rPois   .          Reflect  .   (helmet restricted)
rElec   .          Harm     .   (no cloak)
rCorr   .          Rampage  .   E - +0 pair of gloves
Will    .....                   (no boots)
Stlth   ..........              B - amulet of the acrobat
HPRegen 0.17/turn               j - +6 ring of intelligence
MPRegen 0.10/turn               C - +6 ring of dexterity

@: no status effects
A: claws 2, hooves 1, horns 1, foul stench 1, deformed body, mutation resistance
1, robust 1
a: Renounce Religion


You were on level 5 of the Dungeon.
You worshipped Okawaru.
Okawaru was noncommittal.
You visited 2 branches of the dungeon, and saw 6 of its levels.

You collected 206 gold pieces.

Inventory:

Hand Weapons
 a - a +0 war axe (weapon)
 g - a +5 hand crossbow of freezing
 p - a +0 hunting sling
Missiles
 d - 3 throwing nets
 h - 5 atropa-tipped darts
 m - 4 boomerangs (quivered)
 q - 297 stones
 w - 9 poisoned darts
Armour
 b - a +0 leather armour
 c - a +0 helmet
 i - a +1 scale mail (worn)
 t - an orb of light
 u - the +0 robe of Pandemonium {Harm rC++ rN+}
   (You found it on level 2 of the Dungeon)

   rC:        It greatly protects you from cold.
   rN:        It protects you from negative energy.
   Harm:      It increases damage dealt and taken.
 E - a +0 pair of gloves (worn)
Jewellery
 j - a +6 ring of intelligence (left hand)
 r - a ring of protection from cold
 B - an amulet of the acrobat (around neck)
 C - a +6 ring of dexterity (right hand)
Wands
 y - a wand of iceblast (3)
 D - a wand of digging (4)
Scrolls
 e - 2 scrolls of noise
 l - a scroll of fog
 n - 2 scrolls of blinking
 v - a scroll of amnesia {unknown}
Potions
 f - 2 potions of haste
 k - a potion of curing {unknown}
 o - 3 potions of might
 s - 2 potions of flight {unknown}
 x - a potion of invisibility
 z - 2 potions of heal wounds
 A - a potion of brilliance {unknown}


   Skills:
 + Level 3.4 Fighting
 + Level 4.6 Axes
 + Level 2.4 Crossbows
 + Level 2.3 Throwing
 + Level 2.4 Armour
 + Level 3.2 Dodging
 + Level 0.3 Stealth


You had 5 spell levels left.
You didn't know any spells.
Your spell library contained the following spells:

 Spells                   Type           Power      Damage    Failure   Level
 Apportation              Tloc           0%         N/A       65%         1
 Freeze                   Ice            0%         1d3       65%         1
 Pain                     Necr           0%         1d4       65%         1
 Confusing Touch          Hex            0%         N/A       95%         3
 Dazzling Flash           Conj/Hex       0%         N/A       95%         3
 Frozen Ramparts          Ice            0%         1d2       95%         3
 Hailstorm                Conj/Ice       0%         3d3       100%        4
 Iskenderun's Mystic Bla  Conj/Tloc      0%         2d3       100%        4
 Agony                    Necr           0%         N/A       100%        5
 Alistair's Intoxication  Tmut/Pois      0%         N/A       100%        5
 Excruciating Wounds      Necr           0%         N/A       100%        5
 Yara's Violent Unravell  Hex/Tmut       0%         3d3       100%        5
 Starburst                Conj/Fire      0%         6d3       100%        6
 Enfeeble                 Hex            0%         N/A       100%        7


Dungeon Overview and Level Annotations

Branches:
Dungeon (5/15)             Temple (1/1) D:5

Altars:
Cheibriados
Dithmenos
Gozag
Okawaru
Ru
Trog
Vehumet
Wu Jian
The Shining One


Innate Abilities, Weirdness & Mutations

You have very sharp fingernails.
You have large cloven feet.
You have a pair of small horns on your head.
You may rarely emit foul miasma when damaged in melee.
Armour fits poorly on your strangely shaped body.
You are somewhat resistant to further mutation.
You are robust. (+10% HP)


Message History

The adder bites you but does no damage.
You slash the adder!
You kill the adder!
Okawaru accepts your kill.
A two-headed ogre comes into view.
It is wielding a +0 giant club and a +2 dire flail of protection.
The two-headed ogre shouts in stereo!
Your +5 hand crossbow of freezing is covered in frost.
g - a +5 hand crossbow of freezing (weapon)
Shoot: g) +5 hand crossbow (freeze)
Press: ? - help, Q - select action, (/) - cycle Shift-Dir - straight line, f - two-headed ogre
Aim: a two-headed ogre, wielding a +0 giant club and a +2 dire flail of protection (81% to hit)
You shoot a bolt. The bolt hits the two-headed ogre.
The bolt freezes the two-headed ogre.
The two-headed ogre is lightly wounded.
Shoot: g) +5 hand crossbow (freeze)
Press: ? - help, Q - select action, (/) - cycle Shift-Dir - straight line, f/p - two-headed ogre
Aim: a two-headed ogre, wielding a +0 giant club and a +2 dire flail of protection (lightly wounded, 81% to hit)
You shoot a bolt. The bolt hits the two-headed ogre.
The bolt freezes the two-headed ogre.
The two-headed ogre is lightly wounded.
Shoot: g) +5 hand crossbow (freeze)
Press: ? - help, Q - select action, (/) - cycle Shift-Dir - straight line, f/p - two-headed ogre
Aim: a two-headed ogre, wielding a +0 giant club and a +2 dire flail of protection (lightly wounded, 81% to hit)
You shoot a bolt. The bolt hits the two-headed ogre!
The bolt freezes the two-headed ogre.
The two-headed ogre is moderately wounded.
Your +5 hand crossbow of freezing stops glowing.
a - a +0 war axe (weapon)
The two-headed ogre hits you with a +0 giant club!
The two-headed ogre hits you with a +2 dire flail of protection.
You hit the two-headed ogre but do no damage.
You kick the two-headed ogre.
The two-headed ogre is moderately wounded.
The two-headed ogre barely misses you.
The two-headed ogre hits you with a +2 dire flail of protection!
You hit the two-headed ogre but do no damage.
The two-headed ogre is moderately wounded.
The two-headed ogre hits you with a +0 giant club!!
Ouch! That really hurt!
You die...

######### #.......###
.#############.#####....
......O@.......# #####
################


You could see a two-headed ogre.

Vanquished Creatures
  A black bear (D:3)
  An ogre (D:5)
  A hound (D:5)
  An orc priest (D:5)
  2 iguanas (D:5)
  9 adders
  A white imp (D:5)
  3 dart slugs
  3 worms
  7 orcs
  3 ball pythons
  6 endoplasms
  2 giant cockroaches
  6 goblins
  7 hobgoblins
  13 jackals
  5 kobolds
  5 quokkas
  5 bats
  6 frilled lizards
  3 rats
90 creatures vanquished.

Notes
Turn   | Place    | Note
-------+----------+-------------------------------------------
     0 | D:1      | jlumianski the Demonspawn Gladiator began the quest for the
                  | Orb.
     0 | D:1      | Reached XP level 1. HP: 16/16 MP: 1/1
   365 | D:1      | Reached skill level 3 in Axes
   379 | D:1      | Gained mutation: You may rarely emit foul miasma when
                  | damaged in melee. [demonic ancestry]
   379 | D:1      | Reached XP level 2. HP: 18/22 MP: 2/2
   784 | D:2      | Found a bloodstained altar of Trog.
   824 | D:1      | Discovered your monstrous ancestry.
   824 | D:1      | Gained mutation: You have a pair of small horns on your
                  | head. [demonic ancestry]
   824 | D:1      | Reached XP level 3. HP: 25/27 MP: 3/3
  1002 | D:2      | Reached skill level 1 in Armour
  1011 | D:2      | Found a faded altar of an unknown god.
  1259 | D:2      | Gained mutation: You have sharp fingernails. [demonic
                  | ancestry]
  1259 | D:2      | Reached XP level 4. HP: 34/34 MP: 4/4
  1297 | D:2      | Identified the +0 robe of Pandemonium {Harm rC++ rN+}
  1581 | D:2      | Gained mutation: Potions are less effective at restoring
                  | your health. [potion of mutation]
  1581 | D:2      | Gained mutation: Your system is resistant to poisons.
                  | (rPois) [potion of mutation]
  1582 | D:2      | Lost mutation: Your system is resistant to poisons. (rPois)
                  | [potion of mutation]
  1582 | D:2      | Lost mutation: Potions are less effective at restoring your
                  | health. [potion of mutation]
  1582 | D:2      | Gained mutation: You are somewhat resistant to further
                  | mutation. [potion of mutation]
  1582 | D:2      | Gained mutation: You are robust. (+10% HP) [potion of
                  | mutation]
  1582 | D:2      | Gained mutation: Armour fits poorly on your strangely
                  | shaped body. [potion of mutation]
  1775 | D:3      | Identified a scroll of acquirement
  1778 | D:3      | Acquired a +4 hand crossbow of freezing
  1934 | D:3      | Noticed a black bear
  1943 | D:3      | Killed a black bear
  1944 | D:3      | Reached skill level 4 in Axes
  1944 | D:3      | Gained mutation: You have large cloven feet. [demonic
                  | ancestry]
  1944 | D:3      | Reached XP level 5. HP: 19/42 MP: 5/5
  3582 | D:5      | Entered Level 5 of the Dungeon
  3587 | D:5      | Gained mutation: You have very sharp fingernails. [demonic
                  | ancestry]
  3587 | D:5      | Reached XP level 6. HP: 51/51 MP: 6/6
  3589 | D:5      | Reached skill level 1 in Crossbows
  3706 | D:5      | Found a staircase to the Ecumenical Temple.
  3766 | Temple   | Entered the Ecumenical Temple
  3970 | Temple   | Became a worshipper of Warmaster Okawaru
  4557 | D:5      | Noticed a two-headed ogre
  4564 | D:5      | Mangled by a two-headed ogre

Illustrated notes

Levels and vault maps discovered:
D:1:      amcnicky_arrival_underground_garden, layout_rooms,
          corexii_leaking_fountain
D:2:      layout_rooms, ebering_ecumenical_altar_mist, basic_altar,
          hangedman_decor_clover_reticule
D:3:      layout_basic
D:4:      layout_basic
D:5:      layout_loops_ring, minmay_temple_entry_ruins
Temple:   mainiacjoe_temple_trianglar_array

Skill      XL: |  1  2  3  4  5  6 |
---------------+-------------------+-----
Axes           | 3 4 |  4.6
Throwing       | 2 |  2.3
Dodging        | 3 |  3.2
Armour         | 1 2 |  2.4
Fighting       | 3 |  3.4
Crossbows      | 2 |  2.4
Stealth        | |  0.3

Action                   |  1- 3 |  4- 6 || total
-------------------------+-------+-------++-------
Melee: War axe           |    85 |    94 ||   179
       Headbutt          |     5 |     9 ||    14
       Punch             |     1 |     2 ||     3
       Kick              |       |    13 ||    13
 Fire: Hand crossbow     |       |    59 ||    59
Throw: Boomerang         |     5 |     5 ||    10
  Use: Scroll            |       |     9 ||     9
       Potion            |       |     5 ||     5
Armor: Scale mail        |    48 |    35 ||    83
       Leather armour    |     2 |       ||     2
Dodge: Dodged            |    63 |    78 ||   141

Table legend: (Time is in decaauts)
 A = Elapsed time spent in this place.
 B = Non-inter-level travel time spent in this place.
 C = Inter-level travel time spent in this place.
 D = Time resting spent in this place.
 E = Time spent auto-exploring this place.
 F = Levels seen in this place.
 G = Mean time per level.
                   A        B        C        D        E       F      G
               +--------+--------+--------+--------+--------+-----+--------+
         Total |   4652 |   4573 |     79 |    187 |   3369 |   6 |  775.3 |
       Dungeon |   4413 |   4334 |     79 |    187 |   3173 |   5 |  882.6 |
        Temple |    238 |    238 |      0 |      0 |    196 |   1 |  238.0 |
               +--------+--------+--------+--------+--------+-----+--------+

Top non-repeatable levels by time:
     D:3: 1077 daAuts
     D:4: 908 daAuts
     D:2: 837 daAuts
     D:1: 826 daAuts
     D:5: 763 daAuts
  Temple: 238 daAuts
